 Dungeon Crawl Stone Soup version 0.25-a0-294-gea9b1ad (webtiles) character file.

Game seed: 4007106609144243962, levelgen mode: deterministic

3633 HungryMoth the Fighter (level 10, -6/82 HPs)
             Began as a Formicid Monk on Dec 19, 2019.
             Was a Follower of Qazlal.
             Mangled by an orc warrior
             ... wielding a cursed -1 hand axe
              (9 damage)
             ... on level 7 of the Dungeon.
             The game lasted 00:24:21 (9992 turns).

HungryMoth the Fighter (Formicid Monk)              Turns: 9992, Time: 00:24:22

Health: -6/82      AC: 10    Str: 20    XL:     10   Next: 33%
Magic:  7/10       EV: 15    Int: 14    God:    Qazlal [*.....]
Gold:   243        SH:  7    Dex: 16    Spells: 9/9 levels left

rFire    . . .     SeeInvis +   t - +0 trident
rCold    . . .     Gourm    .   N - +0 buckler
rNeg     . . .     Faith    .   h - +0 ring mail
rPois    .         Spirit   .   (helmet unavailable)
rElec    .         Reflect  .   (no cloak)
rCorr    .         Harm     .   y - -1 pair of gloves (curse)
MR       +....                  r - +2 pair of boots {Fly}
Stlth    +.........             (no amulet)
HPRegen  0.23/turn              E - +3 ring of intelligence
MPRegen  0.12/turn              (no ring)

@: mighty, flying
A: permanent stasis, dig shafts and tunnels, four strong arms, antennae 3
a: Dig, Shaft Self, Renounce Religion, Stop Flying


You were on level 7 of the Dungeon.
You worshipped Qazlal.
Qazlal was aware of your devotion.
You were very hungry.

You visited 2 branches of the dungeon, and saw 10 of its levels.

You collected 440 gold pieces.
You spent 197 gold pieces at shops.

Inventory:

Hand Weapons
 t - a +0 trident (weapon)
Armour
 h - a +0 ring mail (worn)
 p - a +0 plate armour
 r - a +2 pair of boots of flying (worn)
 y - a cursed -1 pair of gloves (worn)
 N - a +0 buckler (worn)
Magical Staves
 K - an uncursed staff of death
Jewellery
 E - a +3 ring of intelligence (left hand)
 S - an uncursed amulet of guardian spirit {unknown}
Scrolls
 d - 8 scrolls of identify
 l - 5 scrolls of enchant armour
 m - 2 scrolls of enchant weapon
 q - 7 scrolls of remove curse
 D - a scroll of amnesia
 I - 3 scrolls of immolation
 Q - a scroll of fog
Potions
 g - a potion of flight
 O - a potion of might
 P - a potion of magic
Comestibles
 c - 15 rations


   Skills:
 + Level 8.4 Fighting
 + Level 7.6 Polearms
 + Level 7.5 Armour
 + Level 7.0 Dodging
 - Level 2.4 Stealth
 - Level 2.4 Shields


You had 9 spell levels left.
You didn't know any spells.
Your spell library contained the following spells:

 Spells                   Type           Power        Failure   Level  Hunger
 Animate Skeleton         Necr           N/A          41%         1    ##.....


Dungeon Overview and Level Annotations

Branches:
Dungeon (9/15)             Temple (1/1) D:7
   Lair: D:8-11         Orc: D:9-12

Altars:
Ashenzari
Cheibriados
Dithmenos
Elyvilon
Fedhas
Gozag
Hepliaklqana
Kikubaaqudgha
Nemelex Xobeh
Okawaru
Qazlal
Ru
Sif Muna
Trog
Uskayaw
Vehumet
Wu Jian
Xom
Yredelemnul
Zin
The Shining One

Shops:
D:4 (}=?

Annotations:
D:5 1 runed translucent door, Anno's ghost, amateur DDFi; Prince Ribbit


Innate Abilities, Weirdness & Mutations

You cannot be hasted, slowed, berserked, paralysed or teleported.
You can dig through walls and to a lower floor.
Your four strong arms can wield two-handed weapons with a shield.
You have a pair of large antennae on your head. (SInv)


Message History

The orc warrior misses you.
You closely miss the orc warrior.
The orc warrior is moderately wounded.
The orc warrior hits you with a cursed -1 hand axe!
* * * LOW HITPOINT WARNING * * *
You hit the orc warrior.
The orc warrior is moderately wounded.
Okay, then.
Press: ? - help, v - describe, . - travel
Here: an orc warrior, wielding a -1 hand axe and wearing a +0 plate armour (moderately wounded)
The floor, spattered with blood.
Unknown command.
Unknown command.
Evoke which item? (* to show all) (? for menu, Esc to quit)
Okay, then.
Okay, then.
Are you sure you want to shaft yourself?
You are feeling very hungry.
The orc warrior hits you with a cursed -1 hand axe!
You die...

#.# #
#.####.###
#.......<
#.....#.#
##.#.#...#
######.###.#.##
#..{{{## ##..#
#{####.###.#.#
##.#.##@#
##.###o#
........# #o#
.########


ZoZ ..... ......# ##.....# { ......# ..###### You could see an orc warrior, an
orc wizard (invisible), an orc and 2 hound skeletons.

Vanquished Creatures
  A centaur zombie (D:7)
  Grinder (D:4)
  A hippogriff (D:7)
  A wyvern (D:4)
  Eustachio (D:6)
  A water moccasin (D:5)
  An orc warrior (D:5)
  An ice beast (D:6)
  2 phantoms (D:4)
  2 ogres
  2 centaurs (D:6)
  A big kobold (D:6)
  4 bullfrogs
  6 killer bees (D:7)
  3 scorpions
  4 howler monkeys
  4 crimson imps
  2 bullfrog zombies (D:5)
  3 hounds
  2 jellies (D:6)
  An orc priest (D:4)
  A bullfrog skeleton (D:4)
  2 iguanas
  3 orc wizards
  5 worker ants
  A howler monkey zombie (D:5)
  3 gnolls
  12 adders
  2 shadow imps
  2 oozes
  An adder zombie (D:7)
  3 worms
  A dart slug (D:2)
  5 leopard geckos
  20 orcs
  8 giant cockroaches
  11 goblins
  14 hobgoblins
  10 jackals (D:2)
  13 kobolds
  4 quokkas
  A ball python (D:4)
  10 bats
  8 frilled lizards
  A quokka skeleton (D:7)
  4 rats
189 creatures vanquished.

Notes
Turn   | Place    | Note
-------+----------+-------------------------------------------
     0 | D:1      | HungryMoth the Formicid Monk began the quest for the Orb.
     0 | D:1      | Reached XP level 1. HP: 18/18 MP: 1/1
    94 | D:1      | Reached XP level 2. HP: 24/24 MP: 2/2
   514 | D:1      | Reached skill level 1 in Armour
   529 | D:1      | Reached XP level 3. HP: 22/29 MP: 3/3
  1287 | D:2      | Reached XP level 4. HP: 31/37 MP: 4/4
  1355 | D:2      | Reached skill level 4 in Fighting
  2228 | D:2      | Reached XP level 5. HP: 29/42 MP: 5/5
  3104 | D:3      | Reached XP level 6. HP: 48/49 MP: 6/6
  3441 | D:3      | Found an ancient bone altar of Kikubaaqudgha.
  3442 | D:3      | Found a blossoming altar of Fedhas.
  3777 | D:4      | Found Noyhe's Gadget Emporium.
  3793 | D:4      | Noticed a wyvern
  3806 | D:4      | You fall into a shaft and drop 1 floor!
  3806 | D:5      | Entered Level 5 of the Dungeon
  4088 | D:5      | Found a shattered altar of Ashenzari.
  4453 | D:4      | Reached XP level 7. HP: 44/55 MP: 7/7
  4466 | D:4      | Found Teselen's Magic Scroll Boutique.
  4474 | D:4      | Bought a scroll of enchant weapon for 82 gold pieces
  4474 | D:4      | Bought a scroll of remove curse for 33 gold pieces
  4474 | D:4      | Bought a scroll of enchant armour for 82 gold pieces
  4775 | D:4      | Killed a wyvern
  4775 | D:4      | Reached skill level 5 in Fighting
  4979 | D:4      | Found Axzock's Antique Weapon Boutique.
  4989 | D:4      | Noticed Grinder
  5130 | D:4      | Killed Grinder
  5130 | D:4      | Reached skill level 5 in Polearms
  5130 | D:4      | Reached XP level 8. HP: 64/64 MP: 8/8
  5306 | D:4      | Reached skill level 6 in Fighting
  5675 | D:4      | Reached skill level 5 in Dodging
  5774 | D:4      | Found Ceutowuown's Jewellery Shoppe.
  5831 | D:4      | Found a shimmering altar of Xom.
  5832 | D:4      | Found a hazy altar of Hepliaklqana.
  5833 | D:4      | Noticed a spectral ugly thing
  5859 | D:5      | Noticed Prince Ribbit
  6018 | D:5      | Reached skill level 5 in Armour
  6102 | D:5      | Found an opulent altar of Gozag.
  6117 | D:5      | Found a runed translucent door.
  6118 | D:5      | Noticed Anno's ghost (amateur DDFi)
  6958 | D:6      | Found a white marble altar of Elyvilon.
  7056 | D:6      | Reached XP level 9. HP: 61/71 MP: 9/9
  7113 | D:6      | Found an iron altar of Okawaru.
  7114 | D:6      | Found a shadowy altar of Dithmenos.
  7423 | D:6      | Found a sacrificial altar of Ru.
  7616 | D:5      | Reached skill level 7 in Fighting
  8093 | D:6      | Noticed Eustachio
  8118 | D:6      | Killed Eustachio
  8232 | D:6      | Found an ornate altar of the Wu Jian Council.
  8782 | D:6      | You are sucked into a shaft and drop 3 floors!
  9083 | D:9      | Reached skill level 1 in Shields
  9195 | D:7      | Noticed a hippogriff
  9210 | D:7      | Killed a hippogriff
  9210 | D:7      | Reached XP level 10. HP: 65/80 MP: 10/10
  9222 | D:7      | Found a shimmering blue altar of Sif Muna.
  9257 | D:7      | Identified Sif Muna's Compendium of the Tortoise
  9485 | D:7      | Reached skill level 8 in Fighting
  9491 | D:7      | Found a sparkling altar of Nemelex Xobeh.
  9781 | D:7      | Found a staircase to the Ecumenical Temple.
  9858 | Temple   | Entered the Ecumenical Temple
  9922 | Temple   | Became a worshipper of Qazlal Stormbringer
  9922 | Temple   | Reached * piety under Qazlal
  9922 | Temple   | Reached ** piety under Qazlal
  9990 | D:7      | HP: 3/82 [orc warrior/cursed -1 hand axe (12)]
  9992 | D:7      | Mangled by an orc warrior

Levels and vault maps discovered:
D:1:      minmay_arrival_up_and_down, layout_loops_cross
D:2:      layout_loops_corners, first_ration
D:3:      layout_basic, grunt_temple_overflow_growth_and_decay,
          kennysheep_generic_room_12
D:4:      layout_basic, regret_index_temple_of_mockery, serial_shops, shop,
          shop, shop, shop, uniq_grinder
D:5:      layout_gridville, nicolae_overflow_crystal_walls,
          ebering_ghost_reflecting_pool, basic_altar, uniq_prince_ribbit1
D:6:      layout_basic, nicolae_ru_path_of_blood, lemuel_crystal_altar,
          kennysheep_mini_moat, gammafunk_temple_overflow_statue, uniq_eustachio
D:7:      layout_loops_ring, led_sif_book, lemuel_doored_altar,
          minmay_temple_entry_proselytizer, hangedman_abyss_or_decor_lesser_grid
D:8:      layout_layer_cave, serial_shops, nicolae_shop_waterfront, basic_altar
D:9:      hangedman_cross_cluster, layout_gridville, overflow_temple_1_default,
          lair_entry_dummy, basic_altar
Temple:   dpeg_three_leaves_temple

Skill      XL: |  1  2  3  4  5  6  7  8  9 10 |
---------------+-------------------------------+-----
Armour         | 1 2 3 4 5 6 7 |  7.5
Dodging        | 3 4 5 6 7 |  7.0
Fighting       | 4 5 6 7 8 |  8.4
Polearms       | 4 5 6 7 |  7.6
Shields        | 2 |  2.4
Stealth        | |  2.4

Action                   |  1- 3 |  4- 6 |  7- 9 | 10-12 || total
-------------------------+-------+-------+-------+-------++-------
Melee: Spear             |   135 |   204 |       |       ||   339
       Trident           |       |    92 |   593 |   180 ||   865
Invok: Upheaval          |       |       |       |     1 ||     1
 Abil: Shaft Self        |       |     1 |     1 |     1 ||     3
       Stop Flying       |       |     1 |       |       ||     1
       Evoke Flight      |       |     1 |       |       ||     1
       Dig               |       |       |     5 |       ||     5
  Use: Potion            |       |     1 |    15 |     2 ||    18
       Scroll            |       |     1 |     5 |       ||     6
 Stab: Sleeping          |     4 |     5 |     3 |       ||    12
       Distracted        |     1 |       |       |     1 ||     2
  Eat: Chunk             |     1 |    11 |    13 |     3 ||    28
       Ration            |       |       |     1 |       ||     1
Armor: Ring mail         |    27 |    78 |   157 |    46 ||   308
       Robe              |     3 |       |       |       ||     3
       Skin              |       |       |    44 |       ||    44
Dodge: Dodged            |    78 |   155 |   341 |   101 ||   675
Block: Buckler           |       |       |    10 |    44 ||    54

Table legend:
 A = Non-vault XP
 B = Vault XP
 C = Vault XP percentage of total XP
 D = Non-vault monster count
 E = Vault monster count
 F = Vault count percentage of total count
                 A         B        C        D         E       F
            +---------+---------+-------+---------+---------+-------
      Total |    4547 |     643 |  12.4 |     181 |       8 |   4.2
            +---------+---------+-------+---------+---------+-------
        D:1 |      40 |       0 |   0.0 |      22 |       0 |   0.0
        D:2 |     109 |       0 |   0.0 |      39 |       0 |   0.0
        D:3 |     145 |       1 |   0.7 |      22 |       1 |   4.3
        D:4 |     825 |     267 |  24.5 |      21 |       1 |   4.5
        D:5 |     541 |       0 |   0.0 |      11 |       0 |   0.0
        D:6 |    1246 |     202 |  14.0 |      35 |       1 |   2.8
        D:7 |    1377 |      72 |   5.0 |      25 |       2 |   7.4
        D:8 |      96 |       0 |   0.0 |       2 |       0 |   0.0
        D:9 |     168 |     101 |  37.5 |       4 |       3 |  42.9
            +---------+---------+-------+---------+---------+-------
